 Dungeon Crawl Stone Soup version 0.28.0-45-g0d030f2227 (webtiles) character file.

Game seed: 2465313456648700897

82107 pkoi the Zephyrmancer (level 14, -3/122 HPs)
             Began as a Demigod Air Elementalist on Apr 3, 2022.
             Slain by a vampire mosquito (6 damage)
             ... on level 13 of the Dungeon.
             The game lasted 00:58:11 (47566 turns).

pkoi the Zephyrmancer (Demigod Air Elementalist)   Turns: 47566, Time: 00:58:12

Health: -3/122     AC: 14    Str: 13    XL:     14   Next: 88%
Magic:  25/33      EV: 18    Int: 29    God:
Gold:   2343       SH:  0    Dex: 16    Spells: 16/33 levels left

rFire   . . .      SeeInvis .   P - staff of poison
rCold   + . .      Faith    .   (no shield)
rNeg    . . .      Spirit   .   V - +2 robe {Will+}
rPois   +          Reflect  .   (no helmet)
rElec   .          Harm     .   Q - +0 cloak
rCorr   .          Rampage  .   U - +1 pair of gloves of the Ward {Dex+2}
Will    ++...                   r - +2 pair of boots
Stlth   ++........              D - amulet of regeneration
HPRegen 1.10/turn               q - +4 ring of protection
MPRegen 0.23/turn               t - ring of protection from cold

@: no status effects
A: high MP 1, forlorn, divine attributes
a: no special abilities


You were on level 13 of the Dungeon.
You visited 4 branches of the dungeon, and saw 23 of its levels.
You also visited: Ice Cave.

You collected 2803 gold pieces.
You spent 460 gold pieces at shops.

Inventory:

Missiles
 i - 3 throwing nets
 o - 6 curare-tipped darts
 y - 6 boomerangs of dispersal
 G - 14 poisoned darts
Armour
 r - a +2 pair of boots (worn)
 B - an orb of guile
 Q - a +0 cloak (worn)
 U - the +1 pair of gloves of the Ward (worn) {Dex+2}
   (You found it on level 6 of the Lair of Beasts)

   Dex:       It affects your dexterity (+2).
 V - a +2 robe of willpower (worn)
Magical Staves
 C - a staff of conjuration
 P - a staff of poison (weapon)
 T - a staff of fire
Jewellery
 l - a ring of willpower
 p - a ring of fire
 q - a +4 ring of protection (left hand)
 t - a ring of protection from cold (right hand)
 w - a ring of flight
 D - an amulet of regeneration (around neck)
 F - a ring of wizardry
 I - a ring of see invisible
 R - a ring of positive energy
Wands
 m - a wand of mindburst (22)
 v - a wand of iceblast (15)
 x - a wand of flame (16)
 A - a wand of digging (14)
 J - a wand of paralysis (3)
 M - a wand of polymorph (11)
Scrolls
 b - 4 scrolls of fear
 c - 2 scrolls of blinking
 d - a scroll of silence
 e - a scroll of brand weapon
 j - 5 scrolls of teleportation
 n - 2 scrolls of enchant weapon
 s - a scroll of enchant armour
 z - 5 scrolls of amnesia
 E - 4 scrolls of fog
 K - a scroll of magic mapping
 O - 2 scrolls of identify
 S - a scroll of summoning
Potions
 a - 3 potions of brilliance
 f - 2 potions of haste
 g - 6 potions of lignification
 h - 9 potions of curing
 k - 5 potions of ambrosia
 u - 2 potions of resistance {unknown}
 L - a potion of heal wounds


   Skills:
 + Level 10.4 Fighting
 + Level 10.7 Dodging
 - Level 1.7 Stealth
 + Level 10.4 Spellcasting
 - Level 0.8 Conjurations
 - Level 8.0 Translocations
 + Level 13.3 Air Magic
 - Level 3.0 Poison Magic
 - Level 9.0 Evocations


You had 16 spell levels left.
You knew the following spells:

 Your Spells              Type           Power      Damage    Failure   Level
a - Shock                 Conj/Air       100%       1d9       1%          1
b - Static Discharge      Conj/Air       54%        N/A       1%          2
c - Swiftness             Air            75%        N/A       1%          3
d - Airstrike             Air            37%        N/A       1%          4
e - Apportation           Tloc           100%       N/A       1%          1
f - Passage of Golubria   Tloc           57%        N/A       1%          4
g - Poisonous Vapours     Pois/Air       100%       N/A       1%          2

Your spell library contained the following spells:

 Spells                   Type           Power      Damage    Failure   Level
 Corpse Rot               Necr/Air       100%       N/A       1%          2
 Mephitic Cloud           Conj/Pois/Air  64%        N/A       1%          3
 Magic Dart               Conj           80%        1d7       2%          1
 Summon Lightning Spire   Summ/Air       52%        N/A       2%          4
 Animate Skeleton         Necr           30%        N/A       3%          1
 Pain                     Necr           60%        1d7       3%          1
 Sandblast                Erth           30%        2d9       3%          1
 Summon Small Mammal      Summ           60%        N/A       3%          1
 Call Imp                 Summ           15%        N/A       5%          2
 Lightning Bolt           Conj/Air       27%        1d43      5%          5
 Silence                  Hex/Air        26%        N/A       6%          5
 Dazzling Flash           Conj/Hex       34%        N/A       9%          3
 Animate Dead             Necr           7%         N/A       34%         4
 Cause Fear               Hex            7%         N/A       34%         4
 Petrify                  Tmut/Erth      15%        N/A       34%         4
 Summon Ice Beast         Ice/Summ       15%        N/A       34%         4
 Agony                    Necr           15%        N/A       69%         5
 Excruciating Wounds      Necr           7%         N/A       69%         5
 Metabolic Englaciation   Hex/Ice        7%         N/A       69%         5
 Summon Mana Viper        Hex/Summ       15%        N/A       69%         5
 Statue Form              Tmut/Erth      10%        N/A       99%         6
 Dragon Form              Tmut           7%         N/A       100%        7
 Haunt                    Necr/Summ      7%         N/A       100%        7
 Monstrous Menagerie      Summ           7%         N/A       100%        7
 Infestation              Necr           7%         N/A       100%        8
 Dragon's Call            Summ           7%         N/A       100%        9


Dungeon Overview and Level Annotations

Branches:
Dungeon (14/15)            Temple (1/1) D:7            Lair (6/6) D:9
 Shoals (0/4) Lair:3        Snake (0/4) Lair:2        Slime (0/5) Lair:6
    Orc (2/2) D:9             Elf (0/3) Orc:2         IceCv (visited)
 Vaults: D:13-14

Shops:
D:8 *   D:13 =?(=   Orc:2 ?*(*

Portals:
Trove: D:11 (give 2 scrolls of acquirement)

Annotations:
D:7 2 transporters, croobank's ghost, novice HOFi
Lair:2 3 runed translucent doors, Jingleheimer's ghost, journeyman MiGl
Lair:4 Rupert
Lair:6 2 runed translucent doors


Innate Abilities, Weirdness & Mutations

You have an increased reservoir of magic. (+10% MP)
You shall have no god before yourself.
Your divine heritage dramatically boosts your attributes as you level up.


Message History

Unknown command.
Casting: Airstrike (safe; 1% risk of failure)
Confirm with . or Enter, or press ? or * to list all spells.
The vampire mosquito is struck by an arc of lightning!
The vampire mosquito is moderately damaged.
You are struck by an arc of lightning.
* * * LOW HITPOINT WARNING * * *
The lightning grounds out.
The vampire mosquito is struck by an arc of lightning!
The vampire mosquito is moderately damaged.
You are struck by an arc of lightning.
* * * LOW HITPOINT WARNING * * *
The vampire mosquito is struck by an arc of lightning!
The vampire mosquito is heavily damaged.
The lightning grounds out.
The vampire mosquito is struck by an arc of lightning!
The vampire mosquito is heavily damaged.
You are struck by an arc of lightning.
* * * LOW HITPOINT WARNING * * *
The vampire mosquito is struck by an arc of lightning.
The vampire mosquito is heavily damaged.
The lightning grounds out.
The vampire mosquito completely misses you.
The vampire mosquito bites you but does no damage.
The vampire mosquito barely misses you. x2
The vampire mosquito closely misses you.
Casting: Static Discharge (safe; 1% risk of failure)
Confirm with . or Enter, or press ? or * to list all spells.
The vampire mosquito is struck by an arc of lightning!
The vampire mosquito is almost destroyed.
You are struck by an arc of lightning.
* * * LOW HITPOINT WARNING * * *
The lightning grounds out.
The vampire mosquito bites you!
* * * LOW HITPOINT WARNING * * *
The vampire mosquito draws strength from your injuries!
The vampire mosquito barely misses you. The vampire mosquito bites you!
* * * LOW HITPOINT WARNING * * *
The vampire mosquito draws strength from your injuries!
The vampire mosquito bites you.
You die...

.........................####
.........................#
.........................#
.........................#
.........................#
.........................#
.........................#
.#'############..y...#####
.#....#.......#.@....#...#
.#....'.......#yy....#...#
.#....#.......'......#...#
.#....#.......#...[..##.#####
.##'####'###..#.......#.##..#
......#...##..#.......'.....#
......#....#..'.).....#.....#
......#....#..#.......#.....#
......###'#####.......#.....#


You could see 3 vampire mosquitoes.

Vanquished Creatures
  Louise (D:13)
  A dire elephant (Lair:6)
  Harold (D:10)
  An ogre mage (D:11)
  12 hydras
  4 boulder beetles
  3 catoblepae
  3 centaur warriors
  A death knight (D:10)
  8 two-headed ogres
  A tengu warrior (D:13)
  6 death yaks
  3 orc high priests (Orc:2)
  Nergalle (Lair:1)
  Sonja (Lair:4)
  2 skeletal warriors (D:11)
  The ghost of pkoi the Grappler, a novice TrGl (D:5)
  5 orc knights
  3 lindwurms (Lair:6)
  A deep elf pyromancer (D:13)
  4 cyclopes
  4 orc sorcerers
  4 ugly things
  3 manticores
  21 elephants
  7 black mambas
  Joseph (D:9)
  6 torpor snails (Lair:6)
  13 cane toads
  Maggie (D:8)
  6 gargoyles
  4 rime drakes
  An efreet (D:10)
  2 freezing wraiths (D:10)
  6 ice devils
  5 komodo dragons
  2 kobold demonologists
  2 trolls
  3 tyrant leeches (Lair:6)
  A meliai (D:11)
  A wind drake (Lair:3)
  8 hornets
  4 polar bears
  9 blink frogs
  4 shadows
  2 wyverns
  Grum (D:8)
  4 basilisks
  17 yaks
  2 steam dragons
  3 vampire mosquitoes
  2 harpy simulacra (IceCv)
  2 wargs
  5 nagas (Lair:2)
  An acid dragon (D:11)
  13 water moccasins
  A sky beast (D:6)
  4 black bears
  2 ice beasts
  A necrophage (D:4)
  16 orc warriors
  8 wolves
  3 ogres
  5 centaurs
  3 phantoms
  3 kobold brigands
  10 bullfrogs
  A two-headed ogre simulacrum (IceCv)
  4 cane toad simulacra (IceCv)
  3 scorpions
  A wyvern zombie (D:7)
  3 troll zombies (D:9)
  An elephant simulacrum (IceCv)
  7 wights (D:10)
  5 electric eels
  8 howler monkeys
  2 bullfrog zombies (D:5)
  4 centaur zombies
  A hound (D:6)
  A jelly (D:5)
  16 orc priests
  Crazy Yiuf (D:4)
  Jessica (D:3)
  20 orc wizards
  3 iguanas
  4 polar bear simulacra (IceCv)
  5 hell rats (Lair:2)
  2 wolf simulacra (IceCv)
  5 ogre zombies (D:9)
  3 howler monkey skeletons
  5 gnolls
  5 adders
  A naga simulacrum (IceCv)
  2 shadow imps
  3 white imps
  2 ufetubi (IceCv)
  A dart slug (D:1)
  34 orcs
  7 bats
  6 endoplasms
  2 giant cockroaches
  5 goblins
  6 hobgoblins
  3 jackals (D:3)
  11 kobolds
  8 quokkas
  7 ball pythons
  8 frilled lizards
  2 goblin zombies (D:9)
  2 hobgoblin skeletons (D:9)
  A hobgoblin zombie (D:9)
  8 orc skeletons (D:9)
  12 orc zombies (D:9)
  5 rats (D:1)
536 creatures vanquished.

Vanquished Creatures (others)
  93 fungi
  88 plants
181 creatures vanquished.

Grand Total: 717 creatures vanquished

Notes
Turn   | Place    | Note
-------+----------+-------------------------------------------
     0 | D:1      | pkoi the Demigod Air Elementalist began the quest for the
                  | Orb.
     0 | D:1      | Reached XP level 1. HP: 14/14 MP: 5/5
   171 | D:1      | Got the Tome of Dislocated Earth
   191 | D:1      | Reached skill level 3 in Air Magic
   314 | D:1      | Reached XP level 2. HP: 20/20 MP: 0/7
   569 | D:1      | Learned a level 2 spell: Static Discharge
  1067 | D:1      | Reached XP level 3. HP: 26/26 MP: 1/9
  2109 | D:2      | Learned a level 3 spell: Swiftness
  2139 | D:2      | Reached skill level 4 in Air Magic
  2425 | D:2      | Reached XP level 4. HP: 33/33 MP: 5/10
  2545 | D:3      | Noticed Jessica
  2548 | D:3      | Killed Jessica
  3328 | D:3      | Reached XP level 5. HP: 38/38 MP: 9/12
  3477 | D:3      | Reached skill level 5 in Air Magic
  3598 | D:3      | Learned a level 4 spell: Airstrike
  4756 | D:4      | Reached XP level 6. HP: 45/45 MP: 8/13
  4866 | D:4      | Found a runed translucent door.
  4867 | D:4      | Noticed Crazy Yiuf
  5470 | D:5      | Entered Level 5 of the Dungeon
  5478 | D:4      | Reached skill level 6 in Air Magic
  5644 | D:4      | Reached skill level 7 in Air Magic
  6024 | D:5      | Learned a level 1 spell: Apportation
  6041 | D:5      | Reached XP level 7. HP: 50/50 MP: 1/14
  6264 | D:5      | Reached skill level 1 in Translocations
  6566 | D:5      | Found a runed translucent door.
  6566 | D:5      | Noticed pkoi's ghost (novice TrGl)
  7109 | D:6      | Noticed a steam dragon
  7113 | D:6      | Killed a steam dragon
  7114 | D:6      | Reached skill level 8 in Air Magic
  7202 | D:6      | Reached XP level 8. HP: 57/57 MP: 4/17
  8034 | D:6      | Reached skill level 1 in Fighting
  9239 | D:7      | Found a staircase to the Ecumenical Temple.
  9305 | Temple   | Entered the Ecumenical Temple
  9642 | D:7      | Found a transporter.
  9654 | D:7      | Noticed a moth of wrath
  9656 | D:7      | Noticed croobank's ghost (novice HOFi)
  9675 | D:7      | Found a transporter.
 10120 | D:7      | Learned a level 4 spell: Passage of Golubria
 10304 | D:8      | Found Xodghawnu's Overcharged Wands.
 10310 | D:8      | Noticed Grum
 10311 | D:8      | Reached skill level 9 in Air Magic
 10323 | D:8      | Reached XP level 9. HP: 53/68 MP: 10/19
 10324 | D:8      | Reached skill level 1 in Evocations
 10408 | D:8      | Killed Grum
 10409 | D:8      | Reached skill level 5 in Spellcasting
 11062 | D:8      | Noticed Maggie
 13386 | D:8      | Reached XP level 10. HP: 16/78 MP: 6/22
 14032 | D:9      | Found a staircase to the Orcish Mines.
 14365 | D:9      | Found a staircase to the Lair.
 14804 | D:10     | Entered Level 10 of the Dungeon
 14817 | D:9      | Reached skill level 5 in Dodging
 14936 | D:10     | Noticed Harold
 15314 | D:9      | Paralysed by a hornet for 1 turns
 15775 | D:10     | Reached skill level 5 in Translocations
 16272 | D:9      | Reached skill level 5 in Fighting
 16492 | D:9      | Reached skill level 10 in Air Magic
 16863 | D:10     | Found Fydawoge's Antique Weapon Shoppe.
 16865 | D:10     | Noticed a two-headed ogre
 16869 | D:10     | Killed a two-headed ogre
 16983 | D:10     | Killed Harold
 17134 | D:10     | Noticed a centaur warrior
 17139 | D:10     | Killed a centaur warrior
 17140 | D:10     | Reached XP level 11. HP: 61/88 MP: 4/25
 17479 | Lair:1   | Entered Level 1 of the Lair of Beasts
 17479 | Lair:1   | Noticed Joseph
 17490 | D:9      | Killed Joseph
 17600 | Lair:1   | Identified the +0 pair of gloves of Indecent Exposure {Harm
                  | *Slow Stlth+}
 17630 | Lair:1   | Found a frozen archway.
 17766 | IceCv    | Entered an ice cave
 19466 | Lair:1   | Noticed a four-headed hydra
 19470 | Lair:1   | Killed a four-headed hydra
 19707 | Lair:1   | Noticed Nergalle
 19794 | Lair:1   | Killed Nergalle
 20052 | Lair:1   | Noticed a seven-headed hydra
 20194 | Lair:1   | Killed a seven-headed hydra
 21119 | Lair:2   | Found a staircase to the Snake Pit.
 21388 | Lair:2   | Found a runed translucent gate.
 21388 | Lair:2   | Found a runed translucent gate.
 21390 | Lair:2   | Found a runed translucent gate.
 21390 | Lair:2   | Noticed Jingleheimer's ghost (journeyman MiGl)
 21407 | Lair:2   | Reached skill level 11 in Air Magic
 21407 | Lair:2   | Noticed a four-headed hydra
 21425 | Lair:2   | Killed a four-headed hydra
 21769 | Lair:2   | Reached XP level 12. HP: 97/97 MP: 18/27
 22619 | Lair:3   | You fall into a shaft and drop 1 floor!
 22730 | Lair:4   | Noticed Rupert
 22952 | Lair:3   | Found a staircase to the Shoals.
 23247 | Lair:3   | Reached skill level 5 in Evocations
 23657 | Lair:3   | Noticed a seven-headed hydra
 23912 | Lair:3   | Killed a seven-headed hydra
 24517 | Lair:3   | Noticed a catoblepas
 24526 | Lair:3   | Killed a catoblepas
 27534 | Lair:4   | Noticed Sonja
 27536 | Lair:4   | Killed Sonja
 27539 | Lair:4   | Reached XP level 13. HP: 107/107 MP: 13/30
 28465 | Lair:4   | Learned a level 2 spell: Poisonous Vapours
 28899 | Lair:4   | Reached skill level 12 in Air Magic
 30867 | Lair:6   | Entered Level 6 of the Lair of Beasts
 32105 | Lair:6   | Found a runed translucent door.
 32105 | Lair:6   | Noticed an azure jelly
 32107 | Lair:6   | Noticed an azure jelly
 32107 | Lair:6   | Noticed an azure jelly
 32122 | Lair:6   | Found a staircase to the Slime Pits.
 32477 | Lair:6   | Found a runed translucent door.
 33076 | Lair:6   | Reached skill level 1 in Poison Magic
 33152 | Lair:6   | Noticed a dire elephant
 33385 | Lair:6   | Killed a dire elephant
 34455 | Lair:6   | Identified the +1 pair of gloves of the Ward {Dex+2}
 35335 | D:11     | Reached XP level 14. HP: 118/118 MP: 5/32
 37407 | D:4      | Killed Crazy Yiuf
 37510 | D:5      | Killed pkoi's ghost
 37859 | D:8      | Killed Maggie
 38021 | Orc:1    | Entered Level 1 of the Orcish Mines
 38618 | Orc:2    | Entered Level 2 of the Orcish Mines
 38889 | Orc:2    | Found a staircase to the Elven Halls.
 38992 | Orc:2    | Reached skill level 10 in Dodging
 40147 | D:10     | Reached skill level 10 in Spellcasting
 40726 | D:11     | Found a portal to a secret trove of treasure.
 40784 | D:11     | Reached skill level 13 in Air Magic
 41928 | Orc:2    | Reached skill level 10 in Fighting
 42311 | Orc:2    | Found Jeulogea's Magic Scroll Shoppe.
 42316 | Orc:2    | Found Xukety's Assorted Antiques.
 42387 | Orc:2    | Found Lonos's Assorted Antiques.
 42391 | Orc:2    | Found Xoroech's Antique Weapon Shop.
 42399 | Orc:2    | Bought a fine morningstar for 243 gold pieces
 42399 | Orc:2    | Identified the +2 morningstar of Luxury {vamp, rElec} (You
                  | bought it in a shop on level 2 of the Orcish Mines)
 42410 | Orc:2    | Bought a scroll of blinking for 112 gold pieces
 45888 | D:13     | Found Weasukk's Weapon Emporium.
 46014 | D:13     | Found Guenuakh's Jewellery Boutique.
 46303 | D:13     | Found Gupheos Daj's Magic Scroll Emporium.
 46313 | D:13     | Bought a scroll of enchant armour for 105 gold pieces
 46908 | D:13     | Found Suda Munk's Jewellery Emporium.
 47235 | D:14     | Noticed Louise
 47245 | D:13     | Killed Louise
 47446 | D:14     | Identified the +2 rapier of Xeheuw {drain, *Corrode rPois
                  | rC+ Str+5}
 47566 | D:13     | HP: 3/122 [vampire mosquito (7)]
 47566 | D:13     | Slain by a vampire mosquito

Illustrated notes

Levels and vault maps discovered:
D:1:      dpeg_arrival_stone_temple_mockup, layout_loops_ring, chequers_garden,
          st_stairs_8
D:2:      layout_rooms
D:3:      layout_basic, serial_co_window_serial, co_window_paths_b,
          co_window_paths_a, co_window_of_opportunity_a, co_window_paths_b,
          co_window_corner_a, co_window_of_opportunity_c, co_window_corner_ca,
          co_window_2corner, co_window_2corner, co_window_corner_b,
          co_window_of_opportunity_c, glass_columns_c, glass_columns_b,
          glass_columns_c, uniq_jessica
D:4:      layout_layer_cave, kennysheep_dice, uniq_crazy_yiuf_cottage
D:5:      layout_rooms, gammafunk_ghost_grave
D:6:      layout_loops_ring, mainiacjoe_overflow_alcove_3,
          gammafunk_temple_overflow_wave, nicolae_qazlal_general_emergency,
          kennysheep_boxes
D:7:      layout_cave_pods, minmay_temple_entry_large_hall,
          gammafunk_ghost_wrathful_warriors, minmay_statues_item
D:8:      layout_loops_ring, amcnicky_mini_corridor_feature,
          nicolae_shop_overcharged_wands, uniq_maggie, uniq_grum
D:9:      layout_cave_pools, due_lair_maze_entry_diamond, zombieorc2_lemuel,
          disabler_island
D:10:     layout_rooms, serial_shops, shop, uniq_harold
D:11:     minmay_bloctagon, layout_basic, nicolae_trove_entry_crystal,
          minmay_fractal_squares_gapless_5
D:12:     layout_stronghold
D:13:     layout_gridville, serial_shops,
          nicolae_shop_temple_entry_statues_fountains, nicolae_shop_crystal,
          nicolae_shop_behind_doors, nicolae_lakefront_shop
D:14:     layout_cave_pods, grunt_vaults_entry_fortified, patterned_corridor,
          serial_bayou_lagoon_a, uniq_louise
Temple:   regret_index_temple_waves
Lair:1:   layout_chaotic_city, gauntlet_entry_generic,
          portal_ice_cave_demonic_guard, small_statue_intersection,
          grunt_megastairs_2, uniq_nergalle, uniq_joseph
Lair:2:   layout_cave_pods, minmay_snake_entry_guardpost_medium,
          ebering_ghost_rock_garden, lemuel_fruit_fields, grunt_megastairs_1
Lair:3:   layout_cave_pods, minmay_shoals_entry_beasts
Lair:4:   layout_regular_city, uniq_rupert, uniq_sonja
Lair:5:   layout_regular_city
Lair:6:   hangedman_lair_in_review, layout_cave_shapes, wormcave, slime_altar_2,
          serial_bayou_lagoon_b
Orc:1:    layout_caves
Orc:2:    st_orc_elflike, layout_diamond_mine

Skill      XL: |  1  2  3  4  5  6  7  8  9 10 11 12 13 14 |
---------------+-------------------------------------------+-----
Spellcasting   | 2 3 4 5 6 7 8 9 10 | 10.4
Air Magic      | 3 4 5 7 8 9 10 11 12 13 | 13.3
Translocations | 2 3 4 5 7 8 |  8.0
Dodging        | 3 4 5 7 8 9 10 | 10.7
Fighting       | 2 4 5 6 8 9 10 | 10.4
Evocations     | 3 4 6 7 9 |  9.0
Poison Magic   | 2 3 |  3.0
Stealth        | |  1.7
Conjurations   | |  0.8

Action                   |  1- 3 |  4- 6 |  7- 9 | 10-12 | 13-15 || total
-------------------------+-------+-------+-------+-------+-------++-------
Melee: Club              |     9 |       |       |       |       ||     9
       Punch             |     2 |       |       |       |       ||     2
       Dagger            |     2 |     4 |     4 |       |       ||    10
       Staff             |       |       |       |     6 |    12 ||    18
       Short sword       |       |       |       |       |     4 ||     4
 Cast: Shock             |    92 |    96 |     7 |    10 |       ||   205
       Airstrike         |       |     7 |   156 |   400 |   522 ||  1085
       Static Discharge  |       |       |     4 |    43 |    32 ||    79
       Poisonous Vapours |       |       |       |       |   136 ||   136
Evoke: Wand              |       |       |     1 |    10 |     4 ||    15
  Use: Scroll            |     2 |     5 |     2 |     8 |     6 ||    23
       Potion            |       |       |       |     5 |       ||     5
Armor: Robe              |     4 |     5 |     9 |       |    27 ||    45
       Steam dragon scal |       |       |    14 |    78 |   141 ||   233
Dodge: Dodged            |    19 |    20 |    35 |   109 |   277 ||   460
